 Dungeon Crawl Stone Soup version 0.18.1-50-g88ac8fd (webtiles) character file.

25 Gorglomux the Sneak (level 2, 0/19 HPs)
             Began as a Vampire Enchanter on Oct 29, 2016.
             Slain by a hound (2 damage)
             ... on level 2 of the Dungeon.
             The game lasted 00:03:51 (1200 turns).

Gorglomux the Sneak (Vampire Enchanter)             Turns: 1200, Time: 00:03:52

Health: 0/19       AC:  3    Str:  7    XL:     2   Next: 86%
Magic:  0/5        EV: 12    Int: 17    God:
Gold:   10         SH:  0    Dex: 14    Spells: 2 memorised, 2 levels left

rFire  . . .     SeeInvis +     a - +1 dagger
rCold  . . .     Gourm    .     b - +1 robe
rNeg   . . .     Faith    .     (no shield)
rPois  +         Spirit   .     (no helmet)
rElec  .         Dismiss  .     (no cloak)
rCorr  .         Reflect  .     (no gloves)
SustAt .         Harm     .     (no boots)
MR     .....                    (no amulet)
Stlth  +++.......               (no ring)
                                h - ring of poison resistance

@: very slightly contaminated, regenerating quickly, not resistant to hostile
enchantments, fairly stealthy
A: fangs 3, see invisible, unbreathing
a: no special abilities


You were on level 2 of the Dungeon.
You were full.

You visited 1 branch of the dungeon, and saw 2 of its levels.

You collected 10 gold pieces.

Inventory:

Hand Weapons
 a - a +1 dagger (weapon)
Armour
 b - a +1 robe (worn)
Jewellery
 h - a ring of poison resistance (left hand)
Scrolls
 e - a scroll of remove curse {unknown}
 f - a scroll of fear {unknown}
Potions
 d - a potion of brilliance {unknown}
 g - a potion of curing {unknown}
Books
 c - a book of Maledictions

   Spells                             Type                      Level
   a - Corona                         Hexes                        1
   b - Ensorcelled Hibernation        Hexes/Ice                    2
   c - Confuse                        Hexes                        3
   d - Tukima's Dance                 Hexes                        3
   e - Dazzling Spray                 Conjuration/Hexes            3


   Skills:
 + Level 2.1 Short Blades
 - Level 2.1 Dodging
 + Level 5.6 Stealth
 - Level 2.0 Spellcasting
 - Level 4.4 Hexes


You had 2 spell levels left.
You knew the following spells:

 Your Spells              Type           Power        Failure   Level  Hunger
a - Corona                Hex            ###....      3%          1    #......
b - Ensorcelled Hibernat  Hex/Ice        #.....       14%         2    ###....


Dungeon Overview and Level Annotations

Branches:
Dungeon (2/15)

Altars:
Makhleb


Innate Abilities, Weirdness & Mutations

Your natural rate of healing is unusually fast.
You have razor-sharp teeth.
You have supernaturally acute eyesight.
You can survive without breathing.


Message History

The hound misses you.
Casting: Corona
Confirm with . or Enter, or press ? or * to list all spells.
Aiming: Corona
Press: ? - help, Shift-Dir - straight line, f/p - hound
Aim: a hound (lightly wounded, chance to defeat MR: 62%)
The hound is outlined in light.
The hound bites you.
You hit the hound but do no damage. You bite the hound.
The hound is moderately wounded.
The hound bites you.
* * * LOW HITPOINT WARNING * * *
The hound misses you.
You hit the hound. Your bite misses the hound.
The hound is heavily wounded.
The hound bites you.
* * * LOW HITPOINT WARNING * * *
You closely miss the hound.
The hound is heavily wounded.
The hound barely misses you. The hound bites you.
You die...

#. ..#
.####..#
....(.# #
.[...# #.####
....## #....#
#.#..#
#)####.#.##.#
#..@h<......#
#..####...$_∩#
#..# #.....##
#..# #...#.#
#..# #.### #
#..# #.# #..#
#.# #... ...


You could see a hound.

Vanquished Creatures
  A giant cockroach (D:1)
  4 goblins (D:1)
  4 hobgoblins
  3 kobolds (D:1)
  6 bats (D:1)
  2 giant newts (D:1)
  2 rats (D:1)
22 creatures vanquished.

Notes
Turn   | Place    | Note
--------------------------------------------------------------
     0 | D:1      | Gorglomux the Vampire Enchanter began the quest for the Orb.
     0 | D:1      | Reached XP level 1. HP: 13/13 MP: 3/3
   579 | D:1      | Reached skill level 5 in Stealth
   579 | D:1      | Reached XP level 2. HP: 17/19 MP: 1/5
   595 | D:1      | Learned a level 2 spell: Ensorcelled Hibernation
  1168 | D:2      | Found a burning altar of Makhleb.
  1200 | D:2      | Slain by a hound

Skill      XL: |  1  2 |
---------------+-------+-----
Stealth        | 5 |  5.6
Short Blades   | 2 |  2.1
Dodging        | |  2.1
Spellcasting   | |  2.0
Hexes          | |  4.4

Action                   || total
-------------------------++-------
Melee: Dagger            ||    67
       Bite              ||     6
 Cast: Corona            ||     8
       Ensorcelled Hiber ||     5
  Use: Potion            ||     6
 Stab: Sleeping          ||     7
       Distracted        ||     1
  Eat: Corpse            ||     1
Armor: Robe              ||    22
Dodge: Dodged            ||    48
